 Dungeon Crawl Stone Soup version 0.29-a0-553-g81b289dbe5 (webtiles) character file.

Game seed: 12663367455253269292

59 shadowstone the Covered (level 4, 0/28 HPs)
             Began as a Gargoyle Fighter on June 6, 2022.
             Was a Follower of Nemelex Xobeh.
             Slain by Zonian's ghost (1 damage)
             ... on level 3 of the Dungeon.
             The game lasted 00:06:15 (1436 turns).

shadowstone the Covered (Gargoyle Fighter)          Turns: 1436, Time: 00:06:17

Health: 0/28       AC: 10    Str: 21    XL:     4   Next: 3%
Magic:  13/13      EV:  9    Int:  9    God:    Nemelex Xobeh [*.....]
Gold:   38         SH:  4    Dex:  9    Spells: 3/3 levels left

rFire   . . .      SeeInvis .   a - +0 long sword
rCold   . . .      Faith    .   c - +0 buckler
rNeg    + . .      Spirit   .   b - +0 scale mail
rPois   ∞          Reflect  .   (no helmet)
rElec   +          Harm     .   (no cloak)
rCorr   .          Rampage  .   (no gloves)
Will    .....                   (no boots)
Stlth   ..........              o - amulet of the acrobat
HPRegen 0.09/turn               h - ring of magical power
MPRegen 0.13/turn               (no ring)

@: hasted, very quick
A: sickness immunity, AC +3, negative energy resistance 1, electricity
resistance, torment resistance 1, petrification resistance
a: Renounce Religion, Draw Escape, Draw Destruction, Draw Summoning


You were on level 3 of the Dungeon.
You worshipped Nemelex Xobeh.
Nemelex Xobeh was aware of your devotion.
You visited 1 branch of the dungeon, and saw 3 of its levels.

You collected 38 gold pieces.

Inventory:

Hand Weapons
 a - a +0 long sword (weapon)
Missiles
 g - 8 poisoned darts (quivered)
Armour
 b - a +0 scale mail (worn)
 c - a +0 buckler (worn)
 n - a +2 ring mail of fire resistance
Jewellery
 h - a ring of magical power (left hand)
 o - an amulet of the acrobat (around neck)
Scrolls
 e - a scroll of vulnerability {unknown}
 f - a scroll of identify {unknown}
 j - a scroll of amnesia {unknown}
 k - a scroll of enchant weapon {unknown}
 l - a scroll of magic mapping {unknown}
 m - a scroll of fear {unknown}
Potions
 d - a potion of might
 i - 3 potions of haste


   Skills:
 + Level 3.5 Fighting
 + Level 2.4 Long Blades
 + Level 4.0 Armour
 + Level 0.6 Dodging
 + Level 3.7 Shields


You had 3 spell levels left.
You didn't know any spells.
Your spell library was empty.

Dungeon Overview and Level Annotations

Branches:
Dungeon (3/15)

Altars:
Nemelex Xobeh

Annotations:
D:3 1 transporter, Zonian's ghost, amateur SpAK


Innate Abilities, Weirdness & Mutations

You are immune to sickness and miasma.
Your stone body is resilient. (AC +3)
You are immune to poison.
You resist negative energy. (rN+)
You are resistant to electric shocks. (rElec)
You are resistant to unholy torment.
You are immune to petrification.


Message History

The slug dart hits you but does no damage.
You miss Zonian's ghost.
Zonian's ghost is moderately damaged.
You block Zonian's ghost's attack. The dart slug launches a dart at you.
The slug dart misses you.
You barely miss Zonian's ghost.
Zonian's ghost is moderately damaged.
Zonian's ghost whispers, "Death doesn't hurt.
What you feel is life."
Zonian's ghost hits you but does no damage.
The dart slug launches a dart at you.
The slug dart hits you but does no damage.
Zonian's ghost hits you but does no damage.
It was a potion of haste.
You feel yourself speed up.
Zonian's ghost hits you but does no damage.
You barely miss Zonian's ghost.
Zonian's ghost is lightly damaged.
You block the dart slug's attack.
You miss Zonian's ghost.
Zonian's ghost is lightly damaged.
You block Zonian's ghost's attack. The dart slug barely misses you.
You miss Zonian's ghost.
Zonian's ghost is lightly damaged.
Zonian's ghost hits you.
* * * LOW HITPOINT WARNING * * *
Zonian's ghost freezes you.
* * * LOW HITPOINT WARNING * * *
You barely miss Zonian's ghost.
Zonian's ghost is lightly damaged.
Zonian's ghost shouts, "There is no future for me!"
Zonian's ghost hits you but does no damage.
The dart slug bites you.
* * * LOW HITPOINT WARNING * * *
You barely miss Zonian's ghost.
Zonian's ghost is lightly damaged.
Zonian's ghost hits you.
* * * LOW HITPOINT WARNING * * *
Zonian's ghost freezes you.
You die...
Your body disappears without a glow.

#......##8.$(..8##..#
####...#.........#..#
#...#.##...##.#..##
#...#.##...##.#...#
##..#....©....#...#
#..#.##.).##.#...#
#..#.##...##.#...#
#.(#©..wW....#...#
######..##8..@..8##...#
........)#########....#
######.......©........#
##.............#.#
######..#######... #.##
#### #.# ..# ####


You could see Zonian's ghost and a dart slug.

Vanquished Creatures
  3 adders
  A dart slug (D:1)
  3 bats
  2 goblins (D:1)
  2 hobgoblins
  7 jackals
  2 quokkas (D:1)
  4 ball pythons (D:1)
  A frilled lizard (D:1)
  4 kobolds
  A rat (D:2)
30 creatures vanquished.

Notes
Turn   | Place    | Note
-------+----------+-------------------------------------------
     0 | D:1      | shadowstone the Gargoyle Fighter began the quest for the
                  | Orb.
     0 | D:1      | Reached XP level 1. HP: 14/14 MP: 1/1
   249 | D:1      | Reached XP level 2. HP: 19/19 MP: 2/2
   880 | D:1      | Found a faded altar of an unknown god.
   892 | D:1      | Prayed at the altar of an unknown god.
   892 | D:1      | Became a worshipper of Nemelex Xobeh the Trickster
   892 | D:1      | Reached * piety under Nemelex Xobeh
  1026 | D:1      | Received a gift from Nemelex Xobeh
  1069 | D:2      | Reached XP level 3. HP: 22/23 MP: 3/3
  1148 | D:3      | Noticed Zonian's ghost (amateur SpAK)
  1183 | D:3      | Reached XP level 4. HP: 14/28 MP: 4/4
  1337 | D:3      | Found a transporter.
  1341 | D:3      | Found a transporter.
  1357 | D:3      | Reached skill level 4 in Armour
  1436 | D:3      | HP: 1/28 [Zonian's ghost (1)]
  1436 | D:3      | Slain by Zonian's ghost

Illustrated notes

Levels and vault maps discovered:
D:1:      eino_arrival_cavern_d, layout_loops_ring,
          dilly_ecumenical_altar_fadedgnrine
D:2:      layout_loops_ring, minmay_stone_trees_small
D:3:      layout_loops_ring, gammafunk_ghost_arena, kennysheep_pointless_box

Skill      XL: |  1  2  3  4 |
---------------+-------------+-----
Long Blades    | 2 |  2.4
Armour         | 4 |  4.0
Fighting       | |  3.5
Dodging        | |  0.6
Shields        | |  3.7

Action                   |  1- 3 |  4- 6 || total
-------------------------+-------+-------++-------
Melee: Long sword        |   129 |    19 ||   148
Throw: Dart              |     3 |       ||     3
  Use: Potion            |       |     1 ||     1
Armor: Scale mail        |   175 |    21 ||   196
Dodge: Dodged            |   152 |    16 ||   168
Block: Buckler           |    68 |     7 ||    75

Table legend: (Time is in decaauts)
 A = Elapsed time spent in this place.
 B = Non-inter-level travel time spent in this place.
 C = Inter-level travel time spent in this place.
 D = Time resting spent in this place.
 E = Time spent auto-exploring this place.
 F = Levels seen in this place.
 G = Mean time per level.
                   A        B        C        D        E       F      G
               +--------+--------+--------+--------+--------+-----+--------+
         Total |   1483 |   1483 |      0 |    481 |      0 |   3 |  494.3 |
       Dungeon |   1483 |   1483 |      0 |    481 |      0 |   3 |  494.3 |
               +--------+--------+--------+--------+--------+-----+--------+

Top non-repeatable levels by time:
     D:1: 1077 daAuts
     D:3: 306 daAuts
     D:2: 100 daAuts
